 Dungeon Crawl Stone Soup version 0.23.2-30-g0e89c35649 (webtiles) character file.

Game seed: 5767405737930019592

1771 PentaManta the Blocker (level 9, -1/51 HPs)
             Began as a Gargoyle Fighter on June 8, 2019.
             Was a Follower of Okawaru.
             Slain by an orc warrior
             ... wielding a +0 glaive
              (4 damage)
             ... on level 6 of the Dungeon.
             The game lasted 00:15:53 (5245 turns).

PentaManta the Blocker (Gargoyle Fighter)           Turns: 5245, Time: 00:15:53

Health: -1/51      AC: 23    Str: 23    XL:     9   Next: 7%
Magic:  9/9        EV: 10    Int:  9    God:    Okawaru [*.....]
Gold:   263        SH: 13    Dex: 20    Spells: 8/8 levels left

rFire    . . .     SeeInvis .   a - +1 war axe
rCold    + + .     Gourm    .   c - +0 shield
rNeg     + . .     Faith    .   r - +0 plate armour
rPois    ∞         Spirit   .   g - +2 helmet
rElec    +         Reflect  .   d - +0 cloak
rCorr    .         Harm     .   j - +0 pair of gloves
MR       .....                  (no boots)
Stlth    ..........             (no amulet)
HPRegen  0.17/turn              n - +4 ring of dexterity
MPRegen  0.11/turn              o - +2 ring of dexterity

@: agile
A: cold resistance 2, negative energy resistance 1, electricity resistance,
unbreathing, evolution 1, petrification resistance, rot immunity, AC +6
a: Heroism, Renounce Religion


You were on level 6 of the Dungeon.
You worshipped Okawaru.
Okawaru was aware of your devotion.
You were very hungry.

You visited 1 branch of the dungeon, and saw 6 of its levels.

You collected 263 gold pieces.

Inventory:

Hand Weapons
 a - a +1 war axe (weapon)
Armour
 c - a +0 shield (worn)
 d - a +0 cloak (worn)
 g - a +2 helmet (worn)
 j - a +0 pair of gloves (worn)
 r - a +0 plate armour (worn)
Jewellery
 n - a +4 ring of dexterity (left hand)
 o - a +2 ring of dexterity (right hand)
 s - an uncursed ring of ice
Wands
 h - a wand of paralysis (6)
 p - a wand of enslavement (8)
Scrolls
 b - a scroll of identify
 e - a scroll of amnesia
 m - 3 scrolls of teleportation
 t - 2 scrolls of blinking {unknown}
 u - a scroll of remove curse {unknown}
 x - a scroll of summoning {unknown}
Potions
 i - 3 potions of agility
 l - a potion of lignification
Comestibles
 f - 7 rations


   Skills:
 - Level 3.2 Fighting
 + Level 7.5 Axes
 - Level 3.2 Armour
 + Level 9.4 Shields


You had 8 spell levels left.
You didn't know any spells.
Your spell library was empty.

Dungeon Overview and Level Annotations

Branches:
Dungeon (6/15)
 Temple: D:4-7

Altars:
Hepliaklqana
Okawaru
Trog
Wu Jian

Annotations:
D:4 3 runed translucent doors, Veritas's ghost, novice HuBe


Innate Abilities, Weirdness & Mutations

You are resistant to torment.
Your stone body is resilient. (AC +6)
You are immune to poison.
You resist negative energy. (rN+)
You are resistant to electric shocks. (rElec)
You can survive without breathing.
You are immune to petrification.
You are immune to rotting.
Your flesh is very cold resistant. (rC++)
You evolve.


Message History

You hit the orc warrior but do no damage.
The orc warrior is lightly wounded.
You block the orc warrior's attack.
You closely miss the orc warrior.
The orc warrior is lightly wounded.
You block the orc warrior's attack.
You feel agile all of a sudden.
You closely miss the orc warrior.
The orc warrior is lightly wounded.
The orc warrior hits you with a +0 glaive!
* * * LOW HITPOINT WARNING * * *
The orc warrior hits you from afar with a +0 glaive.
* * * LOW HITPOINT WARNING * * *
Evoke which item? (* to show all) (? for menu, Esc to quit)
Aiming: Paralyse
Press: ? - help, Shift-Dir - straight line, f - orc warrior
Aim: an orc warrior, wielding a +0 glaive and wearing a +0 chain mail (lightly wounded, chance to defeat MR: 46%)
The orc warrior resists with some effort.
The orc warrior hits you from afar with a +0 glaive.
You die...

###....#..##...#####
...#####..######....
...# #'###.....# ..#.
...# #..##.....# ...#
...# #..'......# ...#.
...# #..#......+ .....
...## #####.....#......
>.... (.#####'#......
...... .......@....#
...... ....(>..)...#
...... .......o)...#
..... ............#
#########+#..........'..
..........+<.......?.#..
..........#..........#..
#..##.....#####......#
#..##....(.#..#.#....+


You could see an orc warrior.

Vanquished Creatures
  Sigmund (D:2)
  A black bear (D:5)
  2 phantoms
  2 ogres
  A bullfrog (D:6)
  2 scorpions
  2 crimson imps
  A centaur zombie (D:5)
  3 quasits
  3 orc priests
  5 hounds
  2 jellies
  3 orc wizards (D:4)
  Jessica (D:2)
  2 bullfrog skeletons
  An iguana (D:4)
  2 worker ants (D:5)
  2 hound zombies
  A hound skeleton (D:5)
  10 adders
  An adder skeleton (D:5)
  An adder zombie (D:5)
  A worm (D:2)
  A dart slug (D:2)
  3 leopard geckos
  12 orcs
  10 bats
  5 giant cockroaches
  4 goblins
  4 hobgoblins
  14 jackals
  10 kobolds
  2 quokkas
  3 ball pythons
  10 frilled lizards
  A jackal zombie (D:5)
  A leopard gecko skeleton (D:4)
  A leopard gecko zombie (D:6)
  A quokka skeleton (D:5)
  7 rats
139 creatures vanquished.

Vanquished Creatures (collateral kills)
  A crimson imp (D:6)
  An orc wizard (D:6)
  An orc (D:6)
3 creatures vanquished.

Vanquished Creatures (others)
  A fungus (D:4)
  3 plants (D:4)
4 creatures vanquished.

Grand Total: 146 creatures vanquished

Notes
Turn   | Place    | Note
-------+----------+-------------------------------------------
     0 | D:1      | PentaManta the Gargoyle Fighter began the quest for the
                  | Orb.
     0 | D:1      | Reached XP level 1. HP: 14/14 MP: 1/1
   112 | D:1      | Reached XP level 2. HP: 19/19 MP: 2/2
   314 | D:1      | Reached XP level 3. HP: 22/23 MP: 3/3
   325 | D:1      | Reached skill level 4 in Shields
   876 | D:2      | Noticed Jessica
   882 | D:2      | Killed Jessica
   882 | D:2      | Reached XP level 4. HP: 21/28 MP: 4/4
  1208 | D:2      | Noticed Sigmund
  1234 | D:2      | Killed Sigmund
  1234 | D:2      | Reached skill level 5 in Shields
  1234 | D:2      | Reached XP level 5. HP: 12/32 MP: 5/5
  1234 | D:2      | Reached XP level 6. HP: 14/37 MP: 6/6
  2042 | D:3      | You fall through a shaft!
  2042 | D:4      | Found a hazy altar of Hepliaklqana.
  2054 | D:4      | Found a bloodstained altar of Trog.
  2058 | D:4      | Found a runed translucent gate.
  2059 | D:4      | Noticed Veritas's ghost (novice HuBe)
  2060 | D:4      | Found a runed translucent gate.
  2061 | D:4      | Found a runed translucent gate.
  2105 | D:4      | Reached skill level 6 in Shields
  2360 | D:4      | Reached XP level 7. HP: 31/41 MP: 7/7
  2433 | D:3      | Reached skill level 5 in Axes
  3256 | D:4      | Reached skill level 7 in Shields
  3617 | D:5      | Entered Level 5 of the Dungeon
  4189 | D:5      | Reached XP level 8. HP: 28/46 MP: 8/8
  4336 | D:5      | Found an iron altar of Okawaru.
  4346 | D:5      | Became a worshipper of Warmaster Okawaru
  4454 | D:5      | Reached skill level 8 in Shields
  4461 | D:5      | Found an ornate altar of the Wu Jian Council.
  4765 | D:5      | Reached * piety under Okawaru
  5012 | D:6      | Reached skill level 9 in Shields
  5160 | D:6      | Reached XP level 9. HP: 50/51 MP: 9/9
  5197 | D:6      | Gained mutation: You evolve. [potion of mutation]
  5197 | D:6      | Gained mutation: Your flesh is cold resistant. (rC+)
                  | [potion of mutation]
  5197 | D:6      | Gained mutation: Your flesh is very cold resistant. (rC++)
                  | [potion of mutation]
  5245 | D:6      | Slain by an orc warrior

Skill      XL: |  1  2  3  4  5  6  7  8 |
---------------+-------------------------+-----
Axes           | 2 3 4 6 7 |  7.5
Shields        | 4 5 6 7 9 |  9.4
Fighting       | |  3.2
Armour         | |  3.2

Action                   |  1- 3 |  4- 6 |  7- 9 || total
-------------------------+-------+-------+-------++-------
Melee: War axe           |   136 |   136 |   143 ||   415
       Hand axe          |       |    42 |   263 ||   305
Evoke: Wand              |       |       |     2 ||     2
  Use: Potion            |       |     1 |     7 ||     8
       Scroll            |       |     7 |     1 ||     8
  Eat: Chunk             |       |     5 |     6 ||    11
       Ration            |       |       |     1 ||     1
Armor: Scale mail        |   111 |   111 |   123 ||   345
       Plate armour      |       |       |   203 ||   203
       Skin              |       |       |    17 ||    17
Dodge: Dodged            |    68 |    38 |    84 ||   190
Block: Shield            |    87 |    99 |   289 ||   475
